AoeStats
← BladeStorm

Arabian Desert

509762854Analyzed
1v1 RM · 3d ago on Sep 27, 2026· 34m 13s· 2 players
Game mode
Random Map
Map size
Tiny (2 player)
Population
200
Speed
Normal
Resources
Standard
Victory
Conquest
Starting age
Dark Age
Ending age
Imperial Age
RankedLock teamsTeams togetherTeam positionsShared explorationLock speedFull tech treeHidden civsTurbo modeCheats
Victory
Defeat
🇦🇷 Britons · Argentina
937
+18
🇨🇦 Mongols · Canada
973
-18
elrisas
6:31 Loom
9:29 Feudal Age
10:20 Double-Bit Axe
10:21 Town Watch
23:12 Castle Age
21:14 Horse Collar
23:49 Scale Barding Armor
23:56 Forging
24:36 Wheelbarrow
24:13 Bow Saw
24:31 Husbandry
26:16 Fletching
27:32 Hand Cart
26:47 Crossbowman
29:11 Bodkin Arrow
30:50 Chain Barding Armor
32:56 Ballistics
35:21 Iron Casting
BladeStorm
8:18 Loom
10:28 Feudal Age
14:33 Bloodlines
18:53 Double-Bit Axe
19:02 Horse Collar
23:54 Castle Age
24:45 Pikeman
25:43 Squires
28:03 Scale Mail Armor
29:06 Heavy Plow
30:43 Bow Saw
33:02 Forging
Connection lost

Rejoining the realm…

Still unreachable

The connection could not be restored.

Session expired

The server has moved on; the page needs a fresh start.